Map: Magannatha LE

Players

WhiteHot - Winner!

  • Race: Protoss Protoss
  • League: Master
  • Spawn Location: 5:00

ManlyManMeat

  • Race: Terran Terran
  • League: Master
  • Spawn Location: 11:00

VOD

Have the link to the VOD?

Description

Time

  • Played on: May 18, 2025, 3:10 a.m.
  • Length: 12:11
Show
View Real Time Build Order
Export as new Build Order

WhiteHot Protoss - Winner!

Build Orders: 1 Gate Expand, Phoenix Opening, Colossus Rush 

Get SALT Encoding   

  12  0:01  Probe  
  13  0:14  Probe  
  14  0:18  Pylon  
  14  0:26  Probe  
  15  0:37  Gateway  
  15  0:43  Probe  
  15  0:47  Assimilator  
  16  0:55  Probe  
  17  1:07  Probe  
  18  1:15  Probe  
  19  1:29  Cybernetics Core  
  19  1:40  Nexus  
  19  1:44  Pylon  
  19  1:47  Probe  
  19  1:53  Assimilator  
  20  2:01  Probe  
  20  2:04  Stalker  
  23  2:11  Warp Gate  
  23  2:14  Probe  
  24  2:27  Probe  
  25  2:30  Gateway  
  25  2:39  Probe  
  25  2:40  Sentry  
  26  2:51  Probe x2  
  30  2:59  Probe  
  30  3:03  Stalker, Probe  
  30  3:05  Pylon  
  32  3:09  Probe  
  35  3:14  Shield Battery  
  35  3:15  Probe  
  36  3:20  Phoenix  
  36  3:21  Probe  
  36  3:24  Robotics Facility  
  37  3:29  Stalker  
  37  3:33  Stalker  
  39  3:37  Probe  
  39  3:38  Probe  
  43  3:45  Pylon  
  43  3:51  Probe x2  
  45  4:02  Pylon  
  45  4:03  Probe x2  
  47  4:20  Observer, Robotics Bay, Probe  
  47  4:23  Probe  
  50  4:29  Immortal, Probe  
  50  4:33  Gateway  
  50  4:35  Gateway, Probe  
  52  4:42  Probe  
  52  4:44  Forge  
  57  4:47  Assimilator, Probe  
  57  4:49  Assimilator  
  58  4:58  Probe  
  58  4:59  Extended Thermal Lance  
  59  5:04  Gateway  
  59  5:07  Gateway  
  59  5:16  Colossus  
  59  5:18  Probe x2  
  61  5:25  Pylon  
  61  5:28  Pylon x2  
  67  5:30  Probe  
  68  5:41  Twilight Council  
  68  5:43  Probe x2  
  68  5:46  Stalker x2  
  74  5:55  Probe  
  75  6:01  Colossus  
  77  6:33  Stalker  
  77  6:36  Blink  
  77  6:37  Zealot x3  
  85  6:48  Probe x2  
  85  6:51  Pylon  
  85  6:52  Nexus  
  85  6:53  Pylon  
  87  6:54  Pylon  
  87  6:55  Pylon  
  87  6:59  Colossus  
  93  7:12  Pylon  
  93  7:23  Zealot x6  
  105  7:40  Templar Archives, Probe  
  105  7:41  Probe  
  107  7:54  Forge  
  107  7:57  Forge  
  107  8:05  Colossus  
  113  8:07  Probe  
  113  8:08  Probe  
  113  8:12  Probe  
  116  8:17  Charge  
  116  8:19  Probe  
  117  8:20  Zealot x2  
  117  8:21  Stalker x4  
  119  8:45  Stalker x5  
  119  8:46  Stalker  
  131  8:58  Probe  
  131  8:59  Probe x2  
  131  9:01  Assimilator  
  134  9:04  Protoss Ground Weapons Level 1, Protoss Ground Armor Level 1  
  134  9:05  Protoss Shields Level 1, Assimilator  
  134  9:30  Pylon  
  134  9:33  Pylon  
  134  9:35  Pylon  
  134  9:39  Pylon  
  134  9:41  Probe  
  134  9:43  Pylon  
  135  9:54  Nexus  
  135  9:57  Pylon  
  135  10:03  Gateway  
  135  10:08  Gateway  
  135  10:11  Gateway  
  133  10:21  Zealot x4  
  133  10:22  Zealot x2  
  138  10:58  Zealot  
  138  10:59  Zealot x5  
  155  11:16  Observer  
  150  11:20  Zealot x5  
  150  11:21  Zealot x4  
  168  11:39  Observer  
  125  11:55  Zealot x3  
  125  11:56  Zealot x6  
Show
View Real Time Build Order
Export as new Build Order

ManlyManMeat Terran 

Build Orders:  

Get SALT Encoding   

  12  0:00  SCV  
  13  0:12  SCV  
  14  0:17  Supply Depot  
  14  0:24  SCV  
  15  0:39  SCV  
  15  0:40  Barracks  
  16  0:47  Refinery  
  16  0:51  SCV  
  17  1:06  SCV  
  19  1:18  SCV  
  19  1:30  Orbital Command  
  19  1:31  Barracks Reactor  
  19  1:42  Command Center  
  19  1:56  SCV  
  19  1:57  Supply Depot  
  20  2:08  SCV  
  20  2:11  Bunker  
  20  2:14  Marine  
  20  2:15  Marine  
  23  2:20  SCV  
  24  2:30  Factory  
  24  2:32  Marine  
  24  2:33  Marine  
  26  2:38  SCV  
  26  2:39  Refinery  
  27  2:50  SCV, Marine x2  
  30  2:58  Orbital Command  
  30  3:03  SCV  
  31  3:08  Marine x2  
  33  3:15  Factory Tech Lab  
  33  3:18  Starport  
  33  3:20  SCV  
  33  3:26  SCV, Marine  
  36  3:27  Marine  
  37  3:37  Supply Depot  
  37  3:38  SCV x2  
  39  3:44  Marine  
  39  3:46  Siege Tank  
  43  3:50  SCV  
  44  3:56  SCV  
  44  3:57  Engineering Bay  
  44  3:58  Starport Reactor  
  44  4:02  SCV, Barracks  
  45  4:04  Marine x2  
  48  4:16  SCV x2  
  50  4:22  Supply Depot  
  50  4:28  SCV x2  
  50  4:31  Supply Depot  
  52  4:36  Factory Reactor  
  52  4:39  Barracks  
  52  4:44  Liberator  
  55  4:47  Terran Infantry Weapons Level 1  
  55  4:49  Barracks  
  55  4:51  Marauder  
  58  4:54  Stimpack  
  58  4:57  Barracks Reactor  
  57  5:01  SCV  
  57  5:02  SCV, Refinery  
  57  5:06  Refinery  
  59  5:26  Factory Tech Lab  
  59  5:37  Medivac x2  
  59  5:40  Marine  
  59  5:41  Marine  
  65  5:43  Marine x2  
  65  5:46  Barracks  
  67  6:00  Siege Tank  
  70  6:06  Supply Depot x2  
  70  6:09  Supply Depot  
  70  6:27  Marine x2  
  70  6:28  Marauder  
  74  6:46  Supply Depot  
  74  6:48  Supply Depot  
  74  6:49  Marine x2  
  74  6:50  Marine  
  74  6:51  Barracks Tech Lab  
  74  6:52  Combat Shield  
  74  6:54  Siege Tank  
  80  6:56  Medivac x2  
  80  6:59  Marine x2  
  80  7:00  Marine  
  80  7:01  Marauder  
  86  7:09  Terran Infantry Armor Level 1  
  86  7:10  Supply Depot  
  86  7:11  Supply Depot  
  86  7:13  Armory  
  86  7:16  Missile Turret  
  86  7:18  Missile Turret  
  86  7:23  Missile Turret  
  86  7:24  Missile Turret  
  86  7:26  Siege Tank  
  86  7:27  SCV  
  86  7:29  SCV  
  91  7:32  Marauder x2  
  91  7:34  Concussive Shells  
  91  7:36  Marine x4  
  99  7:37  Marine  
  99  7:39  SCV  
  99  7:40  Viking x2  
  99  7:41  SCV  
  106  7:58  SCV, Siege Tank  
  110  7:59  SCV  
  110  8:00  Marine x3  
  110  8:01  Marine  
  110  8:02  Marauder x2  
  119  8:06  Supply Depot  
  119  8:08  Supply Depot  
  119  8:23  Medivac  
  119  8:25  Marine x2  
  119  8:26  Marine  
  124  8:29  Supply Depot  
  124  8:30  Siege Tank  
  94  9:00  Command Center  
  94  9:02  Marauder x2  
  98  9:03  Terran Infantry Weapons Level 2  
  98  9:14  Siege Tank  
  98  9:15  Medivac  
  98  9:16  Medivac  
  105  9:18  Marine x2  
  105  9:19  Marine x2  
  105  9:22  Terran Vehicle Weapons Level 1  
  111  9:53  Marauder x2, Marine x3  
  112  10:18  Marine x2  
  112  10:19  Marauder  
  112  10:20  Marauder  
  118  10:41  Marauder x2  
  122  10:48  Supply Depot  
  122  10:50  Orbital Command  
  122  11:18  Marauder x2, Marine x3  
  126  11:19  Marine  
  126  11:20  Viking  
  126  11:21  Viking  
  126  11:22  Siege Tank  
  137  11:31  Supply Depot  
  137  11:39  Marauder x2  
  141  11:41  Marine x2  
Tags
 
Add a new tag
Caveats
  • Supply blocks, unpowered buildings, or Contaminate may cause inaccurate times.
  • Supply counts are checked every 10 seconds.